 Dungeon Crawl Stone Soup version 0.27.0-1-g7a089689b8 (webtiles) character file.

Game seed: 16871846982572620987

10281 sakkuzi the Cleaver (level 11, -2/101 HPs)
             Began as a Hill Orc Fighter on Aug 13, 2021.
             Was a Priest of Zin.
             Slain by a yak (12 damage)
             ... on level 1 of the Lair of Beasts.
             The game lasted 00:25:06 (12027 turns).

sakkuzi the Cleaver (Hill Orc Fighter)             Turns: 12027, Time: 00:25:07

Health: -2/101     AC: 20    Str: 23    XL:     11   Next: 59%
Magic:  11/11      EV: 11    Int:  8    God:    Zin [***...]
Gold:   314        SH:  5    Dex: 10    Spells: 10/10 levels left

rFire    . . .     SeeInvis +   J - +4 battleaxe (freeze) {axe}
rCold    . . .     Faith    .   (shield currently unavailable)
rNeg     . . .     Spirit   .   x - +0 plate armour
rPois    .         Reflect  +   p - +2 helmet {SInv}
rElec    .         Harm     .   I - +0 cloak
rCorr    .         Rampage  .   (no gloves)
Will     .....                  T - +0 pair of boots
Stlth    ..........             e - amulet of reflection
HPRegen  0.26/turn              u - ring of flight
MPRegen  0.12/turn              N - +4 ring of evasion

@: flying, very slightly contaminated, invisible
A: no striking features
a: Renounce Religion, Recite, Vitalisation, Imprison, Donate Gold


You were on level 1 of the Lair of Beasts.
You worshipped Zin.
Zin was most pleased with you.
You visited 2 branches of the dungeon, and saw 10 of its levels.

You collected 408 gold pieces.
You donated 94 gold pieces to Zin.


   Skills:
 + Level 10.6 Fighting
 * Level 14.9 Axes
 + Level 9.8 Armour
 - Level 7.7 Shields


You had 10 spell levels left.
You didn't know any spells.
Your spell library contained the following spells:

 Spells                   Type           Power      Damage    Failure   Level
 Sandblast                Erth           0%         2d4       99%         1
 Passwall                 Tmut/Erth      0%         N/A       100%        2
 Gell's Gravitas          Tloc           0%         N/A       100%        3
 Ignite Poison            Fire/Tmut/Pois 0%         N/A       100%        3
 Lesser Beckoning         Tloc           0%         N/A       100%        3
 Mephitic Cloud           Conj/Pois/Air  0%         N/A       100%        3
 Teleport Other           Tloc           0%         N/A       100%        3
 Bolt of Magma            Conj/Fire/Erth 0%         4d4       100%        5
 Lee's Rapid Deconstruct  Erth           0%         3d5*      100%        5

Inventory:

Hand Weapons
 a - a +1 war axe {axe}
 b - a +2 short sword of speed {short}
   (You took it off an orc on level 7 of the Dungeon)
 n - a +0 whip of draining {mace}
   (You took it off a kobold on level 2 of the Dungeon)
 v - a +0 whip of electrocution {mace}
   (You took it off an orc on level 4 of the Dungeon)
 w - a +2 spectral club {mace}
   (You took it off Ijyb on level 3 of the Dungeon)
 A - a +2 halberd {polearm}
   (You took it off a wight on level 8 of the Dungeon)
 D - a +1 whip of flaming {mace}
   (You took it off Pikel on level 4 of the Dungeon)
 G - a +3 short sword {short}
   (You took it off a wight on level 8 of the Dungeon)
 H - the +1 quarterstaff "Rany" {protect, Str+3 Int+4, staff}
   (You found it on level 5 of the Dungeon)

   It grants its wielder temporary protection when it strikes (+7 to AC).
   Str:       It affects your strength (+3).
   Int:       It affects your intelligence (+4).
 J - a +4 battleaxe of freezing (weapon) {axe}
   (You took it off a wight on level 8 of the Dungeon)
 M - a +0 whip of freezing {mace}
   (You took it off an orc on level 6 of the Dungeon)
Missiles
 g - 32 poisoned darts {throwing}
 h - 66 bolts
 i - 315 stones {throwing}
 F - 138 sling bullets
 L - 35 arrows
 S - 13 boomerangs {throwing}
Armour
 c - a +1 kite shield
 p - a +2 helmet of see invisible (worn)
   (You found it on level 8 of the Dungeon)
 x - a +0 plate armour (worn)
   (You found it on level 4 of the Dungeon)
 I - a +0 cloak (worn)
   (You found it on level 5 of the Dungeon)
 K - a +0 helmet
   (You found it on level 5 of the Dungeon)
 O - the +0 pair of gloves "Beseso" {Harm rElec rPois Int-4 Dex-5}
   (You found it on level 8 of the Dungeon)

   Int:       It affects your intelligence (-4).
   Dex:       It affects your dexterity (-5).
   rElec:     It insulates you from electricity.
   rPois:     It protects you from poison.
   Harm:      It increases damage dealt and taken.
 Q - a +1 ring mail of cold resistance
   (You took it off Duvessa on level 7 of the Dungeon)
 R - a +1 robe of fire resistance
   (You took it off a wight on level 8 of the Dungeon)
 T - a +0 pair of boots (worn)
   (You found it on level 8 of the Dungeon)
 V - +0 acid dragon scales
   (You found it on level 9 of the Dungeon)
Jewellery
 e - an amulet of reflection (around neck)
   (You found it on level 1 of the Dungeon)
 r - a ring of fire
   (You found it on level 2 of the Dungeon)
 u - a ring of flight (left hand)
   (You found it on level 4 of the Dungeon)
 N - a +4 ring of evasion (right hand)
   (You found it on level 6 of the Dungeon)
 W - a ring of poison resistance
   (You found it on level 9 of the Dungeon)
Wands
 y - a wand of polymorph (3) {forbidden}
   (You found it on level 4 of the Dungeon)
Scrolls
 j - a scroll of enchant weapon
 s - 3 scrolls of teleportation {@r4}
 C - a scroll of enchant armour
 E - 3 scrolls of immolation {!r!r}
 P - 2 scrolls of fear
 X - a scroll of fog
Potions
 l - a potion of mutation {forbidden!q}
 o - a potion of lignification {forbidden!q}
 q - 3 potions of attraction {!q}
 t - a potion of magic {unknown}
 z - 2 potions of haste {unknown}
 B - a potion of flight {unknown}
 U - a potion of degeneration {unknown}
 Y - a potion of brilliance {unknown}
 Z - a potion of curing {@q1}

Dungeon Overview and Level Annotations

Branches:
Dungeon (9/15)             Temple (0/1) D:5            Lair (1/6) D:9
    Orc: D:9-12

Altars:
Elyvilon
Qazlal
Trog
Wu Jian
Zin

Shops:
D:7 * D:9

*([
........Y####..#
.........# ..##
........## #..#
........###...#
.........#..#
.....##..YY.#
..... ##.YY##
.#... ###Y# ##.
#@# #..# .### ..
.## ##


You could see 5 yaks.


Message History

Your plate armour prevents you from hitting the yak.
The yak gores you but does no damage.
The yak gores the bush but does no damage.
You slash the yak! You freeze the yak. The yak closely misses you.
The yak gores the bush! 😨 HP[+1]
You slice the yak!! You freeze the yak!
You kill the yak!
The yak gores the bush!
Your plate armour prevents you from hitting the yak.
The yak closely misses you.
The yak gores the bush.
You slice the yak!! You freeze the yak. The yak misses you.
The yak gores the bush but does no damage.
You barely miss the yak. The yak gores you but does no damage.
The yak gores the bush but does no damage. 😮 HP[+1]
You hit the yak. You freeze the yak. The yak closely misses you.
The yak gores the bush!
The bush is destroyed!
You slash the yak! You freeze the yak.
You kill the yak!
You slash the komodo dragon!
The komodo dragon seems to slow down.
You freeze the komodo dragon. The komodo dragon bites you!
* * * LOW HITPOINT WARNING * * *
😨 HP[-17]
You take 17 damage, and now have 34/101 hp.
Your plate armour prevents you from hitting the komodo dragon.
The komodo dragon is no longer moving slowly.
You block the komodo dragon's attack. 😨 HP[+1]
You slash the komodo dragon!
The komodo dragon seems to slow down.
You freeze the komodo dragon. You barely miss the komodo dragon.
The komodo dragon bites you!
* * * LOW HITPOINT WARNING * * *
😱 HP[-12]
You take 12 damage, and now have 23/101 hp.
You hit the komodo dragon. You freeze the komodo dragon.
The komodo dragon bites you!
* * * LOW HITPOINT WARNING * * *
😱 HP[-13]
You take 13 damage, and now have 10/101 hp.
You feel much better.
The komodo dragon is no longer moving slowly. 😱 HP[+14]
You regained 14 hp, and now have 24/101 hp.
You slash the komodo dragon!
The komodo dragon seems to slow down.
You freeze the komodo dragon.
You kill the komodo dragon!
You barely miss the yak. The yak gores you but does no damage.
You barely miss the yak. The yak gores you!
* * * LOW HITPOINT WARNING * * *
😱 HP[-10]
You take 10 damage, and now have 14/101 hp.
You fade into invisibility!
The yak barely misses you.
You are very lightly contaminated with residual magic. 😱 HP[+1]
You catch the helpless yak completely off-guard!
You chop the yak into pieces!!! You freeze the yak.
You kill the yak!
You slash the yak! You freeze the yak. The yak closely misses you.
You strike the helpless yak from behind!
You hit the yak. You freeze the yak. The yak misses you.
You slash the yak! You freeze the yak. The yak misses you. 😱 HP[+1]
Okay, then.
You slash the yak! You freeze the yak.
You kill the yak!
You barely miss the yak. The yak barely misses you.
You barely miss the yak. The yak barely misses you.
You catch the helpless yak completely off-guard!
You slash the yak! You freeze the yak. 😱 HP[+1]
Your plate armour prevents you from hitting the yak.
You block the yak's attack.
You barely miss the yak. The yak barely misses you.
You catch the helpless yak completely off-guard!
You slash the yak! You freeze the yak.
You catch the helpless yak completely off-guard!
You slash the yak! You freeze the yak.
You kill the yak! 😱 HP[+1]
You strike the helpless yak from behind!
You slice the yak!! You freeze the yak! The yak gores you.
* * * LOW HITPOINT WARNING * * *
😱 HP[-2]
You take 2 damage, and now have 16/101 hp.
You hit the yak. You freeze the yak. The yak closely misses you.
You slash the yak! You freeze the yak.
You kill the yak!
You slash the yak! You freeze the yak. The yak gores you!
* * * LOW HITPOINT WARNING * * *
😱 HP[-6]
You take 6 damage, and now have 10/101 hp.
You catch the helpless yak completely off-guard!
You open the yak like a pillowcase!!! You freeze the yak.
You kill the yak!
You hit the yak. You freeze the yak. You block the yak's attack.
You slice the yak!! You freeze the yak! The yak gores you!
You die...

Skill      XL: |  1  2  3  4  5  6  7  8  9 10 11 |
---------------+----------------------------------+-----
Axes           | 3 4 5 7 9 11 13 14 | 14.9
Fighting       | 4 5 6 8 9 10 | 10.6
Shields        | 4 5 6 7 |  7.7
Armour         | 4 5 6 7 9 |  9.8

Action                   |  1- 3 |  4- 6 |  7- 9 | 10-12 || total
-------------------------+-------+-------+-------+-------++-------
Melee: War axe           |    70 |   223 |   343 |    52 ||   688
       Battleaxe         |       |       |       |   245 ||   245
Invok: Donate Gold       |       |       |     1 |       ||     1
       Vitalisation      |       |       |       |     1 ||     1
  Use: Scroll            |     2 |     6 |     4 |     9 ||    21
       Potion            |       |       |     4 |     6 ||    10
 Stab: Invisible         |       |       |       |     7 ||     7
Armor: Scale mail        |    21 |    45 |       |       ||    66
       Plate armour      |       |    31 |   159 |   130 ||   320
Dodge: Dodged            |    19 |    36 |    52 |   129 ||   236
Block: Kite shield       |    60 |   176 |   338 |    39 ||   613
       Reflection        |       |     1 |       |     2 ||     3
       Other             |       |       |       |    63 ||    63

Levels and vault maps discovered:
D:1:      tarquinn_simple_flora_water_e, layout_basic
D:2:      layout_basic, uniq_terence
D:3:      minmay_diamond_boxcup, layout_loops_corners, elyvilon_altar_1,
          mainiacjoe_overflow_catch_the_wave, hex_large, uniq_ijyb
D:4:      layout_basic, gup_sewer_entry_bubbles, uniq_pikel
D:5:      layout_rooms, minmay_temple_entry_arrows
D:6:      layout_basic, minmay_stone_trees_small, hex_tiny
D:7:      layout_basic, serial_co_window_serial, co_window_of_opportunity_a,
          co_window_paths_a, co_window_corner_a, co_window_corner_a,
          co_window_of_opportunity_a, co_window_of_opportunity_c,
          co_window_corner_cb, co_window_broadway_c, co_window_of_opportunity_c,
          co_window_unsneaky_path_e, co_window_corner_b, co_window_4corner_b,
          glass_columns_a, glass_columns_c, glass_columns_b, glass_columns_a,
          glass_columns_a, nicolae_island_escapes, uniq_duvessa
D:8:      layout_basic, special_room [special_room_orc]
D:9:      layout_stronghold, mainiacjoe_overflow_tiny_flanked,
          nicolae_overflow_hidden_temple, lair_entry_dummy, serial_shops,
          kennysheep_little_box, shop, nicolae_square_shop, uniq_prince_ribbit1
Lair:1:   layout_cave_shapes

Notes
Turn   | Place    | Note
-------+----------+-------------------------------------------
     0 | D:1      | sakkuzi the Hill Orc Fighter began the quest for the Orb.
     0 | D:1      | Reached XP level 1. HP: 19/19 MP: 1/1
     0 | D:1      | magus.rc [v1.9.6]
   144 | D:1      | Reached skill level 3 in Axes
   212 | D:1      | Reached XP level 2. HP: 27/27 MP: 2/2
  1279 | D:2      | Reached XP level 3. HP: 33/33 MP: 3/3
  1282 | D:2      | Reached skill level 4 in Fighting
  1286 | D:2      | Noticed Terence
  1308 | D:2      | Killed Terence
  1309 | D:2      | Reached skill level 4 in Axes
  1309 | D:2      | Reached XP level 4. HP: 15/40 MP: 4/4
  1919 | D:3      | Found a glowing silver altar of Zin.
  1979 | D:3      | Found a white marble altar of Elyvilon.
  2025 | D:3      | Became a worshipper of Zin the Law-Giver
  2250 | D:3      | Reached * piety under Zin
  2354 | D:3      | Found an ornate altar of the Wu Jian Council.
  2466 | D:3      | Noticed Ijyb
  2511 | D:3      | Killed Ijyb
  2657 | D:3      | Reached skill level 4 in Shields
  2747 | D:3      | Reached XP level 5. HP: 40/47 MP: 5/5
  3145 | D:4      | Reached skill level 4 in Armour
  3161 | D:4      | HP: 11/47 [adder (2)]
  3509 | D:4      | Reached skill level 5 in Axes
  3634 | D:4      | Reached XP level 6. HP: 46/53 MP: 6/6
  3743 | D:4      | You add the spells Ignite Poison, Mephitic Cloud and Bolt
                  | of Magma to your library.
  3823 | D:4      | Reached skill level 5 in Fighting
  3832 | D:4      | Reached skill level 6 in Axes
  3965 | D:4      | Noticed Pikel
  3986 | D:4      | Killed Pikel
  3987 | D:4      | Reached skill level 7 in Axes
  3987 | D:4      | Reached skill level 5 in Armour
  3987 | D:4      | Reached skill level 5 in Shields
  3987 | D:4      | Reached XP level 7. HP: 29/62 MP: 7/7
  4338 | D:5      | Entered Level 5 of the Dungeon
  4389 | D:5      | Reached XP level 8. HP: 69/70 MP: 8/8
  4404 | D:5      | Reached skill level 6 in Fighting
  4471 | D:5      | Donated 54 gold pieces to Zin
  4489 | D:5      | Reached skill level 8 in Axes
  4547 | D:5      | Noticed a yak
  4549 | D:5      | Noticed a yak
  4549 | D:5      | Noticed a yak
  4551 | D:5      | Noticed a yak
  4555 | D:5      | Killed a yak
  4559 | D:5      | Found a staircase to the Ecumenical Temple.
  4559 | D:5      | HP: 12/71 [yak (7)]
  4574 | D:5      | Killed a yak
  4575 | D:5      | Reached skill level 9 in Axes
  4575 | D:5      | Reached skill level 6 in Shields
  4575 | D:5      | HP: 17/71 [yak (1)]
  4576 | D:5      | Killed a yak
  4577 | D:5      | Reached skill level 6 in Armour
  4577 | D:5      | Killed a yak
  4868 | D:5      | You pick up a book of Displacement and begin reading...
  4868 | D:5      | You add the spells Lesser Beckoning, Gell's Gravitas and
                  | Teleport Other to your library.
  4895 | D:5      | Identified the +1 quarterstaff "Rany" {protect, Str+3
                  | Int+4}
  5034 | D:5      | Reached XP level 9. HP: 78/78 MP: 9/9
  5094 | D:5      | Reached skill level 7 in Fighting
  5727 | D:6      | Reached skill level 10 in Axes
  6218 | D:6      | Reached skill level 7 in Armour
  6435 | D:7      | Reached skill level 7 in Shields
  6466 | D:7      | HP: 20/80 [poisoned by a killer bee]
  6480 | D:7      | HP: 20/80 [poisoned by a killer bee]
  6811 | D:7      | Noticed Duvessa
  6814 | D:7      | Noticed Dowan
  6854 | D:7      | Killed Dowan
  6855 | D:7      | Reached skill level 11 in Axes
  6864 | D:7      | Killed Duvessa
  7073 | D:7      | Reached skill level 8 in Fighting
  7139 | D:7      | HP: 12/81 [orc priest/divine providence (10)]
  7520 | D:7      | Found Rufy's Island Escapes.
  7633 | D:7      | Reached XP level 10. HP: 88/88 MP: 10/10
  8099 | D:8      | Reached ** piety under Zin
  8351 | D:8      | Reached skill level 12 in Axes
  8484 | D:8      | Identified the +0 pair of gloves "Beseso" {Harm rElec rPois
                  | Int-4 Dex-5}
  8629 | D:8      | Reached skill level 8 in Armour
  8657 | D:8      | HP: 12/90 [orc warrior (16)]
  8675 | D:8      | HP: 12/90 [orc warrior (2)]
  8751 | D:8      | HP: 6/90 [orc warrior (18)]
  9434 | D:8      | Reached skill level 9 in Fighting
  9668 | D:8      | HP: 22/91 [wight (10)]
  9673 | D:8      | HP: 12/91 [poisoned by a gnoll sergeant]
  9698 | D:8      | HP: 18/91 [wight (4)]
 10226 | D:9      | You pick up a book of Geomancy and begin reading...
 10226 | D:9      | You add the spells Sandblast, Passwall and Lee's Rapid
                  | Deconstruction to your library.
 10231 | D:9      | Noticed a kobold demonologist
 10237 | D:9      | Killed a kobold demonologist
 10250 | D:9      | Reached skill level 13 in Axes
 10284 | D:9      | Found Xenie's Antique Weapon Boutique.
 10311 | D:9      | Found Xoito Pung's Assorted Antiques.
 10359 | D:9      | Reached *** piety under Zin
 10890 | D:9      | Noticed Prince Ribbit
 10900 | D:9      | Killed Prince Ribbit
 11021 | D:9      | Reached skill level 9 in Armour
 11021 | D:9      | Reached XP level 11. HP: 64/99 MP: 11/11
 11223 | D:9      | Found a staircase to the Lair.
 11279 | D:9      | Found Ten Vosm's Armour Shop.
 11301 | D:9      | Found a bloodstained altar of Trog.
 11329 | D:9      | Noticed a two-headed ogre
 11337 | D:9      | Killed a two-headed ogre
 11338 | D:9      | Reached skill level 10 in Fighting
 11338 | D:9      | Reached skill level 14 in Axes
 11537 | D:9      | Noticed a two-headed ogre
 11545 | D:9      | Killed a two-headed ogre
 11712 | D:9      | Found a stormy altar of Qazlal.
 11953 | Lair:1   | Entered Level 1 of the Lair of Beasts
 12002 | Lair:1   | HP: 23/101 [komodo dragon (12)]
 12003 | Lair:1   | HP: 10/101 [komodo dragon (13)]
 12021 | Lair:1   | HP: 16/101 [yak (2)]
 12027 | Lair:1   | Slain by a yak

Vanquished Creatures
  2 two-headed ogres (D:9)
  Pikel (D:4)
  2 cane toads (Lair:1)
  A kobold demonologist (D:9)
  A komodo dragon (Lair:1)
  Prince Ribbit (D:9)
  2 wraiths (D:9)
  2 steam dragons
  18 yaks
  An acid dragon (D:9)
  3 water moccasins
  Duvessa (D:7)
  A sky beast (D:8)
  4 orc warriors (D:8)
  An ice beast (D:7)
  3 black bears
  3 ogres
  2 centaurs
  A lemure (D:4)
  2 kobold brigands
  A bullfrog (D:9)
  A scorpion (D:6)
  A gnoll sergeant (D:8)
  Dowan (D:7)
  14 killer bees
  10 wights (D:8)
  3 howler monkeys (D:5)
  2 centaur zombies
  A bullfrog zombie (D:5)
  4 hounds
  8 orc priests
  A centaur skeleton (D:4)
  Ijyb (D:3)
  Terence (D:2)
  A scorpion zombie (D:5)
  4 orc wizards
  2 killer bee zombies
  A hound zombie (D:5)
  2 hound skeletons
  A howler monkey zombie (D:9)
  5 gnolls (D:8)
  7 adders
  A river rat (D:4)
  A white imp (D:8)
  An ufetubus (D:7)
  5 worms
  2 dart slugs (D:3)
  38 orcs
  4 bats
  7 endoplasms
  5 giant cockroaches
  2 goblins
  4 hobgoblins
  8 jackals
  2 quokkas
  8 ball pythons
  5 frilled lizards
  14 kobolds
  A quokka skeleton (D:4)
  11 rats
243 creatures vanquished.

Vanquished Creatures (collateral kills)
  A wight (D:8)
  A dart slug (D:4)
  An orc (D:8)
  A goblin (D:4)
4 creatures vanquished.

Vanquished Creatures (others)
  A bush (Lair:1)
  A fungus (Lair:1)
  A plant (Lair:1)
3 creatures vanquished.

Grand Total: 250 creatures vanquished

Table legend:
 A = Non-vault XP
 B = Vault XP
 C = Vault XP percentage of total XP
 D = Non-vault monster count
 E = Vault monster count
 F = Vault count percentage of total count
                 A         B        C        D         E       F
            +---------+---------+-------+---------+---------+-------
      Total |   13008 |    1680 |  11.4 |     203 |      43 |  17.5
            +---------+---------+-------+---------+---------+-------
        D:1 |      24 |       0 |   0.0 |      15 |       0 |   0.0
        D:2 |      41 |      36 |  46.8 |      16 |       1 |   5.9
        D:3 |      23 |      47 |  67.1 |      12 |       7 |  36.8
        D:4 |     289 |     641 |  68.9 |      25 |       9 |  26.5
        D:5 |    1453 |       0 |   0.0 |      25 |       0 |   0.0
        D:6 |     975 |       0 |   0.0 |      18 |       0 |   0.0
        D:7 |     978 |     212 |  17.8 |      20 |       2 |   9.1
        D:8 |    2083 |     493 |  19.1 |      40 |      23 |  36.5
        D:9 |    4204 |     251 |   5.6 |      20 |       1 |   4.8
     Lair:1 |    2938 |       0 |   0.0 |      12 |       0 |   0.0
            +---------+---------+-------+---------+---------+-------

Illustrated notes

Table legend:
 A = Kills in this place as a percentage of kills in entire the game.
 B = Kills by you in this place as a percentage of kills by you in the entire game.
 C = Kills by friends in this place as a percentage of kills by friends in the entire game.
 D = Other kills in this place as a percentage of other kills in the entire game.
 E = Experience gained in this place as a percentage of experience gained in the entire game.
 F = Experience gained in this place divided by the number of levels of this place that you have seen.
                   A       B       C       D       E      F
               +-------+-------+-------+-------+-------+----------------------
         Total | 100.0 | 100.0 | 100.0 |   N/A | 100.0 | 1468.8
       Dungeon |  95.1 |  95.0 | 100.0 |   N/A |  80.0 | 1305.6
          Lair |   4.9 |   5.0 |   0.0 |   N/A |  20.0 | 2938.0
               +-------+-------+-------+-------+-------+----------------------

Table legend: (Time is in decaauts)
 A = Elapsed time spent in this place.
 B = Non-inter-level travel time spent in this place.
 C = Inter-level travel time spent in this place.
 D = Time resting spent in this place.
 E = Time spent auto-exploring this place.
 F = Levels seen in this place.
 G = Mean time per level.
                   A        B        C        D        E       F      G
               +--------+--------+--------+--------+--------+-----+--------+
         Total |  12262 |  12102 |    160 |   2350 |   6496 |  10 | 1226.2 |
       Dungeon |  12189 |  12029 |    160 |   2350 |   6496 |   9 | 1354.3 |
          Lair |     72 |     72 |      0 |      0 |      0 |   1 |   72.0 |
               +--------+--------+--------+--------+--------+-----+--------+

Top non-repeatable levels by time:
     D:8: 2204 daAuts
     D:9: 1766 daAuts
     D:7: 1655 daAuts
     D:4: 1319 daAuts
     D:3: 1203 daAuts
     D:5: 1172 daAuts
     D:1: 1121 daAuts
     D:6: 896 daAuts
     D:2: 849 daAuts
  Lair:1: 72 daAuts
